 Dungeon Crawl Stone Soup version 0.21.2-1-g0862bd2 (webtiles) character file.

875 smallpebble the Chopper (level 8, -1/69 HPs)
             Began as a Hill Orc Fighter on Apr 12, 2019.
             Killed by divine providence
             ... invoked by an orc priest
              (16 damage)
             ... on level 5 of the Dungeon.
             The game lasted 00:13:05 (4127 turns).

smallpebble the Chopper (Hill Orc Fighter)          Turns: 4127, Time: 00:13:05

Health: -1/69      AC: 16    Str: 20    XL:     8   Next: 4%
Magic:  8/8        EV:  6    Int:  8    God:
Gold:   222        SH:  0    Dex: 11    Spells: 7/7 levels left

rFire    + . .     SeeInvis .   A - +2 battleaxe (chop)
rCold    . . .     Gourm    .   (shield currently unavailable)
rNeg     . . .     Faith    .   u - +0 plate armour
rPois    .         Spirit   .   v - +0 helmet
rElec    .         Reflect  .   n - +0 cloak
rCorr    .         Harm     .   t - +0 pair of gloves
MR       .....                  (no boots)
Stlth    ..........             (no amulet)
HPRegen  0.21/turn              o - ring of protection from fire
MPRegen  0.11/turn              (no ring)

@: no status effects
A: no striking features
a: Convert to Beogh


You were on level 5 of the Dungeon.
You were not hungry.

You visited 1 branch of the dungeon, and saw 5 of its levels.

You collected 222 gold pieces.

Inventory:

Hand Weapons
 a - a +1 war axe
 A - a +2 battleaxe of chopping (weapon)
Armour
 b - a +0 scale mail
 c - a +0 shield
 j - a +0 ring mail
 n - a +0 cloak (worn)
 t - a +0 pair of gloves (worn)
 u - a +0 plate armour (worn)
 v - a +0 helmet (worn)
 z - a +0 helmet
Jewellery
 o - a ring of protection from fire (left hand)
Scrolls
 e - 4 scrolls of remove curse
 g - a scroll of fear
 i - 2 scrolls of teleportation
 k - 2 scrolls of identify
 p - a scroll of amnesia
 w - 2 scrolls of magic mapping {unknown}
 x - a scroll of enchant armour {unknown}
 y - 2 scrolls of enchant weapon
 C - a scroll of random uselessness {unknown}
Potions
 d - 3 potions of might
 h - a potion of lignification {unknown}
 l - a potion of curing {unknown}
 m - a potion of mutation {unknown}
 q - 3 potions of heal wounds {unknown}
 r - 2 potions of flight {unknown}
 s - 3 potions of magic {unknown}
 B - a potion of resistance {unknown}
Comestibles
 f - 5 rations


   Skills:
 + Level 5.4 Fighting
 - Level 7.5 Axes
 - Level 5.7 Armour
 - Level 1.6 Dodging
 - Level 0.6 Stealth
 - Level 5.0 Shields


You had 7 spell levels left.
You didn't know any spells.

Dungeon Overview and Level Annotations

Branches:
Dungeon (5/15)
 Temple: D:4-7

Altars:
Fedhas
Makhleb
Uskayaw
Yredelemnul

Annotations:
D:5 PeterLawrence's ghost, novice MiFi


Message History

An orc wizard comes into view. It is wielding a dagger.
The orc wizard shouts!
You hear a shout! x4
The orc wizard casts a spell.
The orc wizard seems to speed up.
The orc wizard mumbles some strange words.
The orc wizard flickers and vanishes!
Deactivating autopickup; reactivate with Ctrl-A.
Found 11 gold pieces.
Found a basalt altar of Yredelemnul.
Found a stone staircase leading up. 2 orcs come into view.
You found an alarm trap!
The orc wizard moves out of view.
Found a scroll of remove curse, a scroll of identify and 8 gold pieces.
The orc wizard casts a spell at you. The magic dart hits you!
* * * LOW HITPOINT WARNING * * *
Found a ration.
An ogre comes into view. It is wielding a giant spiked club.
The orc priest invokes the aid of Beogh against you.
Beogh smites you!
You die...

... #......#
%...#......#
....#.?$...#
..............#
..............#
.............<#
.......#.....##.#
.......#..@.....#
.....$.#...######
..o.....o^.#
PoP.....#.o#
._......#.?.#
P.P.........O.
....###........#
### #........#
#........#


You could see an orc priest and an orc wizard.

Vanquished Creatures
  Pikel (D:4)
  The ghost of PeterLawrence the Shield-Bearer, an amateur MiFi of Okawaru (D:3)
  A crimson imp (D:5)
  An orc priest (D:3)
  Jessica (D:2)
  2 worker ants
  A gnoll (D:1)
  2 adders (D:3)
  3 oozes
  6 worms
  2 dart slugs (D:1)
  A leopard gecko (D:1)
  11 orcs
  3 ball pythons (D:3)
  8 bats
  4 giant cockroaches
  8 goblins
  10 hobgoblins
  A quokka (D:3)
  5 frilled lizards
  A jackal zombie (D:5)
  5 kobolds
  11 rats
89 creatures vanquished.

Vanquished Creatures (others)
  A slave (D:4)
  Robin (D:4)
  2 adders (D:4)
  2 worms (D:4)
  An orc (D:4)
  A giant cockroach (D:4)
  2 hobgoblins (D:4)
  A frilled lizard (D:4)
  7 goblins (D:4)
18 creatures vanquished.

Grand Total: 107 creatures vanquished

Notes
Turn   | Place    | Note
-------+----------+-------------------------------------------
     0 | D:1      | smallpebble the Hill Orc Fighter began the quest for the Orb.
     0 | D:1      | Reached XP level 1. HP: 19/19 MP: 1/1
   123 | D:1      | Reached XP level 2. HP: 27/27 MP: 2/2
   343 | D:1      | Reached skill level 3 in Axes
   353 | D:1      | Reached XP level 3. HP: 22/33 MP: 3/3
   950 | D:2      | Reached XP level 4. HP: 34/40 MP: 4/4
  1071 | D:2      | Noticed Jessica
  1084 | D:2      | Reached skill level 4 in Axes
  1091 | D:2      | Killed Jessica
  1091 | D:2      | Reached skill level 1 in Dodging
  1435 | D:3      | Noticed PeterLawrence's ghost (amateur MiFi)
  1455 | D:3      | HP: 1/40 [worm (8)]
  1777 | D:3      | Reached XP level 5. HP: 46/46 MP: 5/5
  2277 | D:3      | Reached skill level 5 in Axes
  2357 | D:3      | Killed PeterLawrence's ghost
  2357 | D:3      | Reached XP level 6. HP: 35/53 MP: 6/6
  2532 | D:3      | Found a burning altar of Makhleb.
  2532 | D:3      | Noticed a balrug
  2535 | D:3      | Noticed a neqoxec
  2535 | D:3      | Noticed an orange demon
  2607 | D:3      | Reached skill level 6 in Axes
  3205 | D:4      | Found a blossoming altar of Fedhas.
  3215 | D:4      | Noticed a slave
  3216 | D:4      | Noticed Pikel
  3216 | D:4      | Noticed a slave
  3217 | D:4      | Noticed a slave
  3218 | D:4      | Noticed a slave
  3282 | D:4      | Killed Pikel
  3282 | D:4      | Reached skill level 7 in Axes
  3282 | D:4      | Reached skill level 5 in Armour
  3282 | D:4      | Reached skill level 5 in Shields
  3282 | D:4      | Reached XP level 7. HP: 7/60 MP: 7/7
  3718 | D:4      | Killed Robin
  3813 | D:4      | Found a hide-covered altar of Uskayaw.
  4084 | D:5      | Entered Level 5 of the Dungeon
  4088 | D:5      | Reached skill level 5 in Fighting
  4088 | D:5      | Reached XP level 8. HP: 68/68 MP: 8/8
  4109 | D:5      | Noticed PeterLawrence's ghost (novice MiFi)
  4124 | D:5      | Found a basalt altar of Yredelemnul.
  4127 | D:5      | Killed from afar by an orc priest

Skill      XL: |  1  2  3  4  5  6  7 |
---------------+----------------------+-----
Axes           | 3 4 5 7 |  7.5
Armour         | 4 5 |  5.7
Fighting       | 4 5 |  5.4
Dodging        | 1 |  1.6
Shields        | 4 5 |  5.0
Stealth        | |  0.6

Action                   |  1- 3 |  4- 6 |  7- 9 || total
-------------------------+-------+-------+-------++-------
Melee: War axe           |    74 |   263 |     7 ||   344
       Battleaxe         |       |       |    14 ||    14
  Use: Scroll            |       |     9 |     1 ||    10
  Eat: Ration            |       |     2 |     1 ||     3
       Chunk             |       |     1 |       ||     1
Armor: Scale mail        |    31 |    87 |       ||   118
       Plate armour      |       |    31 |     8 ||    39
Dodge: Dodged            |    20 |    81 |     4 ||   105
Block: Shield            |    36 |   139 |       ||   175
